 Dungeon Crawl Stone Soup version 0.28.0-53-g5a82cb258f (webtiles) character file.

Game seed: 2375552877107359050

740 Gabide the Archer (level 7, -4/44 HPs)
             Began as a Deep Elf Hunter on June 17, 2022.
             Was a Plaything of Xom.
             Slain by Edmund
             ... wielding a +2 flail of protection
              (10 damage)
             ... on level 5 of the Dungeon.
             The game lasted 00:11:17 (5717 turns).

Gabide the Archer (Deep Elf Hunter)                 Turns: 5717, Time: 00:11:18

Health: -4/44      AC:  4    Str: 11      XL:     7   Next: 46%
Magic:  9/9        EV: 12    Int: 16      God:    Xom [...*..]
Gold:   206        SH:  5    Dex: 14 (15) Spells: 6/6 levels left

rFire   . . .      SeeInvis .   a - +1 shortbow
rCold   . . .      Faith    .   (shield currently unavailable)
rNeg    . . .      Spirit   .   c - +0 leather armour
rPois   .          Reflect  +   (no helmet)
rElec   .          Harm     .   (no cloak)
rCorr   .          Rampage  .   (no gloves)
Will    .....                   f - +0 pair of boots
Stlth   +.........              i - amulet of reflection
HPRegen 0.14/turn               (no ring)
MPRegen 0.11/turn               (no ring)

@: studying Throwing
A: no striking features
a: Renounce Religion


You were on level 5 of the Dungeon.
You worshipped Xom.
You were a favourite toy of Xom.
You visited 2 branches of the dungeon, and saw 6 of its levels.

You collected 206 gold pieces.

Inventory:

Hand Weapons
 a - a +1 shortbow (weapon)
 b - a +0 short sword
 o - a +0 rapier
Missiles
 d - 93 arrows (quivered ammo)
Armour
 c - a +0 leather armour (worn)
 f - a +0 pair of boots (worn)
 g - a +0 ring mail
Jewellery
 i - an amulet of reflection (around neck)
 j - a ring of wizardry
Wands
 e - a wand of iceblast (5)
 r - a wand of flame (29)
Scrolls
 l - a scroll of fog
 n - a scroll of immolation
 q - a scroll of blinking
Potions
 h - 3 potions of curing
 k - a potion of haste
 m - a potion of lignification


   Skills:
 + Level 5.1 Fighting
 + Level 9.4 Bows
 - Level 2.4 Dodging
 - Level 1.2 Stealth


You had 6 spell levels left.
You didn't know any spells.
Your spell library contained the following spells:

 Spells                   Type           Power      Damage    Failure   Level
 Conjure Flame            Conj/Fire      0%         6-21      69%         3
 Ignite Poison            Fire/Tmut/Pois 0%         N/A       69%         3
 Sticky Flame             Conj/Fire      0%         2d3       97%         4


Dungeon Overview and Level Annotations

Branches:
Dungeon (5/15)             Temple (1/1) D:4

Altars:
Ashenzari
Cheibriados
Dithmenos
Elyvilon
Fedhas
Gozag
Hepliaklqana
Kikubaaqudgha
Nemelex Xobeh
Okawaru
Qazlal
Ru
Sif Muna
Uskayaw
Wu Jian
Xom
Zin
The Shining One

Annotations:
D:5 Edmund


Message History

Edmund is severely wounded.
Edmund hits you with a +2 flail of protection!
* * * LOW HITPOINT WARNING * * *
Edmund says, "People will remember me!
They'll remember me and die!"
Your iron imp degenerates into a cloud of primal chaos!
The teleport trap disappears.
Edmund disappears!
You start resting.
Edmund is nearby!
Fire: 98 arrows
Press: ? - help, Q - select action, (/) - cycle Shift-Dir - straight line, f/p - Edmund
Aim: Edmund, wielding a +2 flail of protection and wearing a +0 chain mail of cold resistance (severely wounded, 72% to hit)
You shoot an arrow.
The arrow hits Edmund but does no damage.
Edmund is severely wounded.
Fire: 97 arrows
Press: ? - help, Q - select action, (/) - cycle Shift-Dir - straight line, f/p - Edmund
Aim: Edmund, wielding a +2 flail of protection and wearing a +0 chain mail of cold resistance (severely wounded, 72% to hit)
You shoot an arrow. The arrow barely misses Edmund.
Unknown command.
Fire: 96 arrows
Press: ? - help, Q - select action, (/) - cycle Shift-Dir - straight line, f/p - Edmund
Aim: Edmund, wielding a +2 flail of protection and wearing a +0 chain mail of cold resistance (severely wounded, 72% to hit)
You shoot an arrow. The arrow closely misses Edmund.
Unknown command.
Fire: 95 arrows
Press: ? - help, Q - select action, (/) - cycle Shift-Dir - straight line, f/p - Edmund
Aim: Edmund, wielding a +2 flail of protection and wearing a +0 chain mail of cold resistance (severely wounded, 72% to hit)
You shoot an arrow. The arrow closely misses Edmund.
Unknown command.
Fire: 94 arrows
Press: ? - help, Q - select action, (/) - cycle Shift-Dir - straight line, f/p - Edmund
Aim: Edmund, wielding a +2 flail of protection and wearing a +0 chain mail of cold resistance (severely wounded, 72% to hit)
You shoot an arrow.
The arrow barely misses Edmund. "How about this?"
One of your 3 potions of curing falls out of your pack, then immediately jumps back in!
Aiming: Iceblast
Press: ? - help, Shift-Dir - straight line, p - Edmund The mass of ice explodes!
Edmund hits you with a +2 flail of protection!
You die...

###.#.##..#####...#
..#.#.##..# #...#.#
..).#.##..# #.#.#.#.#
#.###'##..# #(#.#.#.#
.......#..# #.#...#.# S
.......#..# ##'#...#.#
.......#..####......#.#
....####.....+......#.# ....#
##(####..@@...(#####.#
....#####.(....(...((...(....
....+................(##.....
....#######..(..#...#(# ...
#(......#.###.###.##.....
#...........#...5........
#............<####.######
##......#.#.#..# ..#
#.###.##...##.# #.#


h You could see Edmund.

Vanquished Creatures
  Sigmund (D:3)
  An orc warrior (D:4)
  A phantom (D:4)
  A hound (D:2)
  A bullfrog skeleton (D:5)
  A jelly (D:3)
  A gnoll shaman (D:4)
  Ijyb (D:3)
  Natasha (thrice) (D:3)
  An orc wizard (D:4)
  A hound skeleton (D:5)
  5 adders
  4 gnolls (D:4)
  An adder skeleton (D:4)
  3 worms
  4 dart slugs
  8 orcs
  4 bats
  2 endoplasms (D:1)
  5 giant cockroaches
  5 goblins
  7 hobgoblins
  4 jackals (D:3)
  2 quokkas
  4 ball pythons
  3 frilled lizards
  5 kobolds
  5 rats
84 creatures vanquished.

Notes
Turn   | Place    | Note
-------+----------+-------------------------------------------
     0 | D:1      | Gabide the Deep Elf Hunter began the quest for the Orb.
     0 | D:1      | Reached XP level 1. HP: 12/12 MP: 3/3
   461 | D:1      | Reached XP level 2. HP: 14/17 MP: 4/4
  1522 | D:2      | Found a faded altar of an unknown god.
  1703 | D:2      | Reached skill level 6 in Bows
  1703 | D:2      | Reached XP level 3. HP: 19/22 MP: 5/5
  1934 | D:2      | Reached XP level 4. HP: 27/27 MP: 6/6
  2240 | D:3      | Noticed Ijyb
  2403 | D:3      | Killed Ijyb
  2897 | D:3      | Noticed Natasha
  2900 | D:3      | Killed Natasha
  2901 | D:3      | Reached skill level 7 in Bows
  2901 | D:3      | Reached XP level 5. HP: 32/32 MP: 7/7
  2982 | D:3      | Noticed Natasha
  2985 | D:3      | Killed Natasha
  3229 | D:3      | Noticed Sigmund
  3277 | D:3      | Noticed Natasha
  3281 | D:3      | Killed Natasha
  4017 | D:3      | Found an ornate altar of the Wu Jian Council.
  4101 | D:3      | Killed Sigmund
  4102 | D:3      | Reached skill level 8 in Bows
  4102 | D:3      | Reached XP level 6. HP: 33/38 MP: 8/8
  4360 | D:4      | Found a stormy altar of Qazlal.
  4455 | D:4      | Found a staircase to the Ecumenical Temple.
  4483 | Temple   | Entered the Ecumenical Temple
  4489 | Temple   | Became a worshipper of Xom of Chaos
  5116 | D:4      | Reached XP level 7. HP: 44/44 MP: 9/9
  5121 | D:4      | XOM: repel stairs
  5137 | D:4      | Reached skill level 9 in Bows
  5397 | D:4      | XOM: confuse monster(s)
  5406 | D:4      | Reached skill level 5 in Fighting
  5480 | D:4      | XOM: stat loss: -1 Dex (14/15)
  5569 | D:5      | Entered Level 5 of the Dungeon
  5586 | D:5      | XOM: 3-stop teleportation journey
  5647 | D:5      | Noticed Edmund
  5660 | D:5      | XOM: divination: detect creatures
  5676 | D:5      | XOM: summons 2 friendly demons
  5716 | D:5      | XOM: silly message
  5717 | D:5      | Slain by Edmund

Illustrated notes

Levels and vault maps discovered:
D:1:      evilmike_arrival_fibonacci_small, layout_basic, minmay_cupped
D:2:      layout_basic, ebering_ecumenical_altar_ruins,
          hangedman_decor_peaks_small, minmay_heptomino_h4
D:3:      layout_loops_corners, nzn_wu_jian_council_hall,
          chequers_serial_rivers_small_b, minmay_fractal_squares_gapless_5,
          uniq_natasha, uniq_ijyb, uniq_sigmund
D:4:      layout_layer_cave, grunt_qazlal_sundering,
          minmay_temple_entry_statues_pillars
D:5:      layout_basic, chequers_serial_rivers_large_b, corner_web_ring,
          uniq_eustachio, uniq_edmund
Temple:   eino_temple_rhombus

Skill      XL: |  1  2  3  4  5  6  7 |
---------------+----------------------+-----
Fighting       | 2 3 4 5 |  5.1
Bows           | 6 7 8 9 |  9.4
Dodging        | |  2.4
Stealth        | |  1.2

Action                   |  1- 3 |  4- 6 |  7- 9 || total
-------------------------+-------+-------+-------++-------
Melee: Short sword       |    58 |    24 |       ||    82
       Punch             |     1 |     2 |       ||     3
 Fire: Shortbow          |    40 |   176 |    67 ||   283
Evoke: Wand              |       |       |     1 ||     1
  Use: Potion            |     1 |     1 |       ||     2
       Scroll            |     3 |     3 |     1 ||     7
Armor: Leather armour    |    26 |    18 |       ||    44
Dodge: Dodged            |    41 |    60 |     8 ||   109
Block: Other             |    21 |    17 |     3 ||    41
       Reflection        |     1 |     2 |       ||     3
